 Dungeon Crawl Stone Soup version 0.30.2 (webtiles) character file.

Game seed: 15290040776073195791

12023 porpoise the Fighter (level 12, -2/101 HPs)
             Began as a Djinni Conjurer on Feb 20, 2024.
             Was a High Priest of Makhleb.
             Slain by a spectral orc warrior
             ... wielding a +2 scimitar of protection
             ... summoned by Nergalle
              (7 damage)
             ... on level 10 of the Dungeon.
             The game lasted 00:49:02 (16105 turns).

porpoise the Fighter (Djinni Conjurer)             Turns: 16105, Time: 00:49:04

Health: -2/101     AC: 16    Str: 10    XL:     12   Next: 15%
Gold:   542        EV: 15    Int: 28    God:    Makhleb [*****.] SH:  0 Dex: 17

rFire   + + .        a - +3 dagger (venom)
rCold   x . .        (no shield)
rNeg    . . .        g - +4 robe of Augmentation {Str+4 Int+4 Dex+4}
rPois   ∞            B - +1 helmet
rElec   .            j - +0 cloak
rCorr   .            d - +1 pair of gloves
SInv    .            (boots unavailable)
Will    ++...        O - amulet of regeneration
Stlth   +++          e - +4 ring of protection
HPRegen 1.16/turn    E - ring of willpower
MPRegen 0.00/turn

%: infuse magic (-3 HP)
@: flying, hasted, studying Fighting, invisible, very quick
A: sickness immunity, fire resistance 2, cold vulnerability 1, float, innate
caster, HP casting, extra vitality 1
a: Renounce Religion, Minor Destruction, Lesser Servant of Makhleb, Major
Destruction, Greater Servant of Makhleb


You were on level 10 of the Dungeon.
You worshipped Makhleb.
Makhleb was extremely pleased with you.
You visited 2 branches of the dungeon, and saw 11 of its levels.
You also visited: Ossuary.

You collected 597 gold pieces.
You spent 55 gold pieces at shops.

Inventory:

Hand Weapons
 a - a +3 dagger of venom (weapon)
 b - a +1 sling of freezing
 u - a +3 short sword
 G - a +0 scimitar
Missiles
 p - 2 atropa-tipped darts
 A - 3 boomerangs
 J - 9 poisoned darts
 M - a throwing net
Armour
 d - a +1 pair of gloves (worn)
 g - the +4 robe of Augmentation (worn) {Str+4 Int+4 Dex+4}
   (You found it on level 2 of the Dungeon)

   Str:       It affects your strength (+4).
   Int:       It affects your intelligence (+4).
   Dex:       It affects your dexterity (+4).
 j - a +0 cloak (worn)
 n - +0 acid dragon scales
 B - a +1 helmet (worn)
 K - +0 steam dragon scales
Magical Staves
 k - a staff of air
 z - a staff of cold
Jewellery
 c - a +5 ring of evasion
 e - a +4 ring of protection (left hand)
 s - a +5 ring of evasion
 E - a ring of willpower (right hand)
 H - a +6 ring of intelligence
 O - an amulet of regeneration (around neck)
Wands
 r - a wand of charming (15)
Scrolls
 l - 2 scrolls of enchant armour
 t - a scroll of enchant weapon
 D - 7 scrolls of identify
 I - a scroll of immolation
 N - a scroll of amnesia
Potions
 f - a potion of brilliance
 i - 3 potions of attraction
 m - 3 potions of curing
 o - 2 potions of resistance
 q - 2 potions of invisibility
 w - 3 potions of lignification {unknown}
 x - a potion of degeneration {unknown}
 C - a potion of flight {unknown}
 L - a potion of mutation {unknown}


   Skills:
 + Level 14.7 Fighting
 - Level 5.0 Armour
 + Level 6.2 Dodging
 - Level 5.0 Stealth
 - Level 7.0 Spellcasting
 - Level 5.0 Invocations
 - Level 5.0 Evocations


You knew the following spells:

 Your Spells              Type           Power      Damage    Failure   Level
a - Magic Dart            Conj           100%       1d8       1%          1
b - Searing Ray           Conj           98%        2d8       1%          2
c - Call Canine Familiar  Summ           49%        N/A       1%          3
d - Fulminant Prism       Conj/Hex       24%        3d12      3%          4
e - Iskenderun's Mystic   Conj/Tloc      49%        2d11      3%          4
f - Sting                 Tmut/Pois      100%       1d8       1%          1
g - Lesser Beckoning      Tloc           98%        N/A       1%          2
h - Dazzling Flash        Conj/Hex       98%        N/A       1%          3
i - Vhi's Electric Charg  Tloc/Air       98%        N/A       1%          3
j - Blade Hands           Tmut           24%        N/A       9%          5
Your spell library was empty.

Dungeon Overview and Level Annotations

Branches:
Dungeon (10/15)            Temple (1/1) D:4            Lair (0/5) D:9
Ossuary (visited)
    Orc: D:9-12

Altars:
Ashenzari
Cheibriados
Dithmenos
Elyvilon
Fedhas
Gozag
Hepliaklqana
Makhleb
Nemelex Xobeh
Okawaru
Qazlal
Ru
Trog
Uskayaw
Wu Jian
Xom
Yredelemnul
Zin
The Shining One

Shops:
D:2 !   D:5 [

Annotations:
D:9 exclusion: downstairs
D:10 Nergalle


Innate Abilities, Weirdness & Mutations

You are immune to sickness and miasma.
You are immune to poison.
Your flesh is very heat resistant. (rF++)
You are vulnerable to cold. (rC-)
You float through the air rather than walking.
You learn spells naturally, not from books.
Your magical power is your life essence.
You have superior vitality. (+4 MHP)


Message History

The spectral orc knight hits you with a +0 great sword!
Nergalle barely misses you.
The spectral orc hits you but does no damage.
You hit Nergalle but do no damage.
Nergalle looks as sick as possible!
Nergalle is heavily wounded.
The spectral orc knight hits you but does no damage.
Nergalle hits you with a +0 trident! The spectral orc misses you.
The spectral orc warrior barely misses you.
You hit Nergalle but do no damage.
Nergalle looks as sick as possible!
Nergalle is heavily wounded.
The spectral orc knight hits you with a +0 great sword!
* * * LOW HITPOINT WARNING * * *
The spectral orc hits you but does no damage.
You closely miss Nergalle.
Nergalle is heavily wounded.
The spectral orc knight barely misses you.
Nergalle hits you but does no damage. The spectral orc warrior misses you.
The spectral orc closely misses you. The spectral orc barely misses you.
You hit Nergalle but do no damage.
Nergalle looks as sick as possible!
Nergalle is severely wounded.
The spectral orc knight closely misses you.
Nergalle gestures at you while chanting.
The bolt of negative energy misses you.
The bolt of negative energy hits the spectral orc.
The spectral orc completely resists.
You hit Nergalle.
Nergalle looks as sick as possible!
Nergalle is severely wounded.
The spectral orc knight hits you with a +0 great sword!
* * * LOW HITPOINT WARNING * * *
The spectral orc warrior misses you.
The spectral orc hits you with a +0 flail.
* * * LOW HITPOINT WARNING * * *
The spectral orc hits you but does no damage.
You feel better.
The spectral orc knight hits you with a +0 great sword.
* * * LOW HITPOINT WARNING * * *
Nergalle hits you with a +0 trident!
* * * LOW HITPOINT WARNING * * *
The spectral orc warrior hits you with a +2 scimitar of protection!
You die...

#................# #.[#....###.##
#.#####.########.# #.##......#.#.
..# #.# ##.###.#######.#.#.
..#####.#######......(####.#.....
..##.........##..####......#.....
..##.#######.##..# ######.#.....
..##.# #.##..#######*#.#.....
.....# #(..ZZ.......*########
..(..# #.##Z@######.* *,**,*
.....# #...Zo## *,* *,**,* ..##.#
#.##...## *,* *,**,*
..##.#######.#.....#***,****,**,*
..##..........:.........,,,,,**,*
##############>....####.*******,*
******* ##...## *,* *,* *,,,,,*
##.## *,*******,*
,,***,*********#.# *,,,,,,,,,*


You could see Nergalle (strong, extremely poisoned), 2 spectral orcs, a spectral
orc warrior (summoned) and a spectral orc knight (summoned, fast).

Vanquished Creatures
  A two-headed ogre (D:10)
  Joseph (D:9)
  An unseen horror (D:10)
  2 trolls
  18 yaks
  Sigmund (D:2)
  11 wyverns
  A wraith (D:10)
  A vampire (D:9)
  3 steam dragons
  4 vampire mosquitoes
  3 acid dragons
  4 water moccasins
  5 orc warriors
  6 ice beasts
  A sky beast (D:7)
  A black bear (D:4)
  2 ogres
  A centaur (D:6)
  2 phantoms
  An elf zombie (Ossuary)
  A kobold brigand (D:9)
  6 bullfrogs
  2 gnoll sergeants
  5 scorpions
  6 wights
  A jelly (D:5)
  4 killer bees (D:8)
  A howler monkey (D:10)
  2 centaur zombies (Ossuary)
  3 human zombies (Ossuary)
  3 hounds
  5 orc priests
  3 iguanas
  3 sleepcaps
  12 orc wizards
  3 hound zombies (Ossuary)
  4 mummies
  3 gnolls (D:8)
  5 adders
  2 shadow imps (D:7)
  A white imp (D:5)
  3 ufetubi (D:4)
  An adder zombie (Ossuary)
  3 worms
  2 dart slugs
  31 orcs
  3 ball pythons
  5 endoplasms
  2 giant cockroaches
  6 goblins
  5 hobgoblins
  3 jackals (D:1)
  4 quokkas
  8 bats
  A frilled lizard (D:2)
  3 goblin zombies (Ossuary)
  3 hobgoblin zombies (Ossuary)
  6 jackal zombies (Ossuary)
  10 kobolds
  5 kobold zombies (Ossuary)
  An orc zombie (Ossuary)
  3 quokka zombies (Ossuary)
  3 rats
  A rat zombie (Ossuary)
257 creatures vanquished.

Vanquished Creatures (others)
  9 fulminant prisms
9 creatures vanquished.

Grand Total: 266 creatures vanquished

Notes
Turn   | Place    | Note
-------+----------+-------------------------------------------
     0 | D:1      | porpoise the Djinni Conjurer began the quest for the Orb.
     0 | D:1      | porpoise set off with the following spells memorised: Magic
                  | Dart, Searing Ray, Dazzling Flash, Fulminant Prism,
                  | Iskenderun's Mystic Blast.
     0 | D:1      | Reached XP level 1. HP: 15/15 MP: 0/0
   275 | D:1      | Reached skill level 1 in Fighting
   275 | D:1      | Reached XP level 2. HP: 18/22 MP: 0/0
   852 | D:2      | Reached XP level 3. HP: 24/27 MP: 0/0
   852 | D:2      | Learned a level 1 spell: Sting
   875 | D:2      | Found Kyloupsu's Distillery.
   907 | D:2      | Bought a potion of heal wounds for 55 gold pieces
   991 | D:2      | Found the +4 robe of Augmentation {Str+4 Int+4 Dex+4}
  1265 | D:2      | Noticed Sigmund
  1290 | D:2      | Killed Sigmund
  1291 | D:2      | Reached skill level 3 in Fighting
  1291 | D:2      | Reached XP level 4. HP: 21/35 MP: 0/0
  1291 | D:2      | Reached XP level 5. HP: 24/40 MP: 0/0
  1291 | D:2      | Learned a level 2 spell: Lesser Beckoning
  1462 | D:2      | Reached XP level 6. HP: 43/46 MP: 0/0
  1886 | D:2      | Found a faded altar of an unknown god.
  1886 | D:2      | Noticed a hell beast
  2970 | D:4      | Found a staircase to the Ecumenical Temple.
  2984 | Temple   | Entered the Ecumenical Temple
  3246 | Temple   | Became a worshipper of Makhleb the Destroyer
  3295 | D:4      | Reached skill level 4 in Fighting
  3977 | D:4      | Noticed a black bear
  3989 | D:4      | Killed a black bear
  3990 | D:4      | Reached skill level 5 in Spellcasting
  3990 | D:4      | Reached XP level 7. HP: 49/53 MP: 0/0
  3990 | D:4      | Learned a level 3 spell: Call Canine Familiar
  4317 | D:5      | Entered Level 5 of the Dungeon
  4350 | D:5      | Found a sand-covered staircase.
  4363 | Ossuary  | Entered an ossuary
  4421 | Ossuary  | Reached * piety under Makhleb
  4716 | Ossuary  | Reached skill level 5 in Fighting
  5440 | Ossuary  | Reached XP level 8. HP: 56/60 MP: 0/0
  5527 | Ossuary  | Reached ** piety under Makhleb
  5745 | D:5      | Reached skill level 6 in Fighting
  5896 | D:5      | Found Lyerghugi's Armour Boutique.
  6129 | D:5      | Reached skill level 7 in Fighting
  6290 | D:5      | Reached XP level 9. HP: 62/68 MP: 0/0
  6290 | D:5      | Learned a level 3 spell: Vhi's Electric Charge
  6340 | D:5      | Found a white marble altar of Elyvilon.
  6342 | D:5      | Found a shadowy altar of Dithmenos.
  6361 | D:5      | Found a sacrificial altar of Ru.
  6540 | D:5      | Found a blossoming altar of Fedhas.
  6550 | D:5      | Found a stormy altar of Qazlal.
  7084 | D:6      | Reached skill level 8 in Fighting
  7392 | D:6      | Reached skill level 1 in Invocations
  7392 | D:6      | Reached skill level 1 in Evocations
  7769 | D:6      | Found an opulent altar of Gozag.
  8085 | D:7      | Identified a scroll of acquirement
  8085 | D:7      | Acquired a manual of Fighting
  8555 | D:7      | Reached skill level 9 in Fighting
  8667 | D:7      | Reached XP level 10. HP: 72/79 MP: 0/0
  8789 | D:7      | Reached skill level 10 in Fighting
  9219 | D:7      | Reached *** piety under Makhleb
  9918 | D:8      | Reached skill level 11 in Fighting
 10054 | D:8      | Found a glowing golden altar of the Shining One.
 10063 | D:8      | Found an iron altar of Okawaru.
 10251 | D:8      | Found a hazy altar of Hepliaklqana.
 10484 | D:9      | Found a staircase to the Lair.
 10858 | D:8      | Reached skill level 5 in Invocations
 10920 | D:8      | Reached skill level 5 in Evocations
 11302 | D:8      | Reached XP level 11. HP: 39/89 MP: 0/0
 11302 | D:8      | Learned a level 5 spell: Blade Hands
 11314 | D:8      | Reached skill level 12 in Fighting
 11954 | D:9      | Noticed Joseph
 11966 | D:9      | Killed Joseph
 11966 | D:9      | Reached **** piety under Makhleb
 11967 | D:9      | Reached skill level 5 in Stealth
 12325 | D:9      | Reached skill level 13 in Fighting
 12772 | D:9      | Reached skill level 1 in Armour
 13870 | D:10     | Entered Level 10 of the Dungeon
 13946 | D:10     | Noticed a two-headed ogre
 14537 | D:10     | Killed a two-headed ogre
 14542 | D:10     | Reached skill level 14 in Fighting
 14680 | D:10     | Reached skill level 5 in Dodging
 15574 | D:10     | Reached XP level 12. HP: 101/101 MP: 0/0
 15796 | D:10     | Reached ***** piety under Makhleb
 15973 | D:10     | Reached skill level 5 in Armour
 16076 | D:10     | Identified the +0 robe of Duck's Teeth {Regen+ Slay+3}
 16076 | D:10     | Noticed Nergalle
 16105 | D:10     | HP: 5/101 [Nergalle/+0 trident (9)]
 16105 | D:10     | Slain by a spectral orc warrior

Illustrated notes

Levels and vault maps discovered:
D:1:      dpeg_arrival_rhombus, layout_basic
D:2:      layout_loops_corners, serial_shops, shop_fountains,
          dreamdust_ecumenical_altar_sealed_demon, uniq_sigmund
D:3:      layout_loops_ring, hangedman_glass_teeth
D:4:      layout_layer_cave, minmay_temple_entry_statues_pillars,
          kennysheep_boxes
D:5:      layout_basic, grunt_temple_overflow_forces_of_nature,
          grunt_temple_overflow_open, gup_ossuary_entry_pyramid, serial_shops,
          nicolae_shop_pleasant_corner_grove, hex_large
D:6:      layout_basic, mainiacjoe_overflow_24_doors, minivault_22, minivault_24
D:7:      minmay_razor_zed, layout_cave_pools
D:8:      layout_loops_cross, marbit_many_paths, mainiacjoe_overflow_swirl
D:9:      layout_roguey, minmay_lair_entry_grove, st_stairs_4,
          chequers_serial_rivers_large_a, uniq_joseph
D:10:     minmay_s_stair_smasher, layout_loops_ring, kennysheep_minor_cross,
          uniq_nergalle
Temple:   compressed_dpeg_triangle_lava_temple

Skill      XL: |  1  2  3  4  5  6  7  8  9 10 11 12 |
---------------+-------------------------------------+-----
Fighting       | 1 3 4 5 7 9 11 14 | 14.7
Spellcasting   | 4 5 6 7 |  7.0
Invocations    | 3 5 |  5.0
Evocations     | 3 5 |  5.0
Stealth        | 4 5 |  5.0
Armour         | 4 5 |  5.0
Dodging        | 5 6 |  6.2

Action                     |  1- 3 |  4- 6 |  7- 9 | 10-12 || total
---------------------------+-------+-------+-------+-------++-------
  Melee: Unarmed           |    15 |       |       |       ||    15
         Dagger            |       |   108 |   121 |   448 ||   677
         Punch             |       |     3 |     1 |     8 ||    12
   Fire: Sling             |       |    15 |       |    10 ||    25
   Cast: Magic Dart        |    50 |     3 |    39 |     6 ||    98
         Searing Ray       |     3 |     4 |    66 |    47 ||   120
         Sting             |     2 |       |       |       ||     2
         Call Canine Famil |       |       |     1 |     1 ||     2
         Vhi's Electric Ch |       |       |     5 |       ||     5
         Fulminant Prism   |       |       |       |     9 ||     9
         Iskenderun's Myst |       |       |       |    15 ||    15
  Evoke: Wand              |       |       |       |     1 ||     1
    Use: Potion            |     2 |       |       |     7 ||     9
         Scroll            |       |     4 |     7 |    10 ||    21
   Stab: Sleeping          |     1 |     3 |       |     1 ||     5
 Armour: Robe              |    15 |    42 |   103 |   301 ||   461
  Dodge: Dodged            |     8 |    71 |   133 |   377 ||   589
